AoeStats
← Leda

Nomad

509341934Analyzed
2v2 RM · 7d ago on Sep 26, 2026· 66m 5s· 4 players
Game mode
Random Map
Map size
176×176
Population
200
Speed
Normal
Resources
Standard
Victory
Conquest
Starting age
Dark Age
Ending age
Imperial Age
RankedLock teamsTeams togetherTeam positionsShared explorationLock speedFull tech treeHidden civsTurbo modeCheats
Victory
Defeat
🇦🇺 Saxons · Australia
1032
+15
🇦🇺 Varangians · Australia
1015
+16
🇸🇰 Huns · Slovakia
1019
-16
🇨🇿 Maya · Czechia
1000
-45
Leda
4:18 Loom
4:51 Loom
5:12 Loom
18:05 Feudal Age
19:13 Horse Collar
22:15 Arson
22:27 Man-at-Arms
26:34 Stone Mining
28:32 Fletching
28:43 Padded Archer Armor
FESHI21
3:01 Loom
15:17 Feudal Age
16:23 Double-Bit Axe
19:46 Castle Age
18:11 Fletching
19:03 Horse Collar
20:22 Stone Mining
20:25 Gold Mining
20:55 Bow Saw
24:43 Wheelbarrow
27:03 Bodkin Arrow
27:08 Padded Archer Armor
27:57 Marauders
28:56 Ballistics
30:32 Leather Archer Armor
33:01 Thumb Ring
34:40 Murder Holes
34:56 Masonry
38:24 Imperial Age
37:06 Medium Warships
36:40 Fishing Lines
41:12 Chemistry
40:14 Bracer
41:02 Conscription
42:01 Parthian Tactics
41:12 Heavy Cavalry Archer
44:58 Forging
45:17 Hand Cart
47:50 Iron Casting
48:32 Scale Barding Armor
49:58 Blast Furnace
50:17 Chain Barding Armor
53:03 Plate Barding Armor
52:23 Town Watch
58:38 Husbandry
58:50 Bloodlines
59:59 Elite Tarkan
Sample Text
6:13 Loom
14:55 Feudal Age
15:51 Double-Bit Axe
16:13 Fishing Lines
17:55 Man-at-Arms
21:04 Arson
25:03 Castle Age
33:18 Elite Skirmisher
34:05 Stone Mining
34:46 Bow Saw
38:15 Fletching
43:36 Wheelbarrow
43:03 Bodkin Arrow
44:30 Thumb Ring
46:56 Padded Archer Armor
46:56 Scale Mail Armor
50:24 Imperial Age
48:34 Wheelbarrow
49:23 Chain Mail Armor
50:48 Hand Cart
50:54 Leather Archer Armor
50:33 Shield Wall
51:35 Conscription
51:22 Bracer
53:44 Two-Man Saw
52:43 Elite Hearth Troop
53:06 Elite Varangian Guard
54:56 Plate Mail Armor
54:29 Squires
54:25 Gold Mining
54:33 Gambesons
55:51 Ring Archer Armor
55:33 Forging
58:20 Hoardings
58:01 Horse Collar
62:18 Chemistry
61:25 Siege Engineers
61:41 Ballistics
62:53 Iron Casting
64:52 Heavy Plow
64:50 Murder Holes
NaughtyBoy
4:56 Loom
13:08 Feudal Age
19:32 Castle Age
20:39 Forging
22:20 Double-Bit Axe
22:18 Horse Collar
24:49 Pikeman
25:14 Gambesons
26:21 Gold Mining
26:43 Fishing Lines
28:43 Bloodlines
33:43 Elite Skirmisher
34:29 Fletching
34:40 Padded Archer Armor
38:25 Bodkin Arrow
38:46 Leather Archer Armor
42:54 Imperial Age
40:46 Bow Saw
42:43 Iron Casting
45:00 Gillnets
47:45 Elite Jarl
51:45 Scale Mail Armor
52:45 Blast Furnace
55:14 Bracer
62:11 Two-Man Saw
61:56 Wheelbarrow
63:42 Scale Barding Armor
65:19 Ballistics
66:02 Chemistry
64:58 Murder Holes
Connection lost

Rejoining the realm…

Still unreachable

The connection could not be restored.

Session expired

The server has moved on; the page needs a fresh start.